 Dungeon Crawl Stone Soup version 0.28-a0-697-g47f3eba078 (webtiles) character file.

Game seed: 13198290172937050047

49 kvnlrwnvk the Vexing (level 3, -2/16 HPs)
             Began as a Spriggan Enchanter on Oct 23, 2021.
             Blown up by Ijyb (14 damage)
             ... with a mindburst bolt
             ... on level 3 of the Dungeon.
             The game lasted 00:03:54 (2745 turns).

kvnlrwnvk the Vexing (Spriggan Enchanter)           Turns: 2745, Time: 00:03:55

Health: -2/16      AC:  4    Str:  5    XL:     3   Next: 53%
Magic:  2/9        EV: 17    Int: 16    God:
Gold:   16         SH:  0    Dex: 15    Spells: 2/10 levels left

rFire   + . .      SeeInvis +   a - +2 dagger
rCold   + . .      Faith    .   (shield restricted)
rNeg    . . .      Spirit   .   b - +0 robe
rPois   +          Reflect  .   d - +2 hat
rElec   +          Harm     .   (no cloak)
rCorr   +          Rampage  .   (gloves unavailable)
Will    .....                   (boots unavailable)
Stlth   +++.......              (no amulet)
HPRegen 0.05/turn               (no ring)
MPRegen 0.11/turn               (no ring)

@: lethally poisoned (-2 -> -7), resistant, very quick
A: very small, no large weapons, unfitting armour, see invisible, speed 3
a: no special abilities


You were on level 3 of the Dungeon.
You visited 1 branch of the dungeon, and saw 3 of its levels.

You collected 104 gold pieces.
You spent 88 gold pieces at shops.

Inventory:

Hand Weapons
 a - a +2 dagger (weapon)
Armour
 b - a +0 robe (worn)
 d - a +2 hat (worn)
Scrolls
 f - 3 scrolls of identify
Potions
 c - a potion of attraction
 e - a potion of magic


   Skills:
 - Level 1.1 Short Blades
 - Level 2.6 Dodging
 - Level 4.4 Stealth
 + Level 4.0 Spellcasting
 + Level 4.7 Hexes


You had 2 spell levels left.
You knew the following spells:

 Your Spells              Type           Power      Damage    Failure   Level
a - Ensorcelled Hibernat  Hex/Ice        20%        N/A       10%         2
b - Tukima's Dance        Hex            18%        N/A       8%          3
c - Dazzling Flash        Conj/Hex       20%        N/A       19%         3

Your spell library contained the following spells:

 Spells                   Type           Power      Damage    Failure   Level
 Confusing Touch          Hex            18%        N/A       8%          3
 Gell's Gravitas          Tloc           1%         N/A       45%         3
 Lesser Beckoning         Tloc           3%         N/A       45%         3
 Teleport Other           Tloc           3%         N/A       45%         3
 Conjure Ball Lightning   Conj/Air       1%         3x3d6     100%        6
 Discord                  Hex            9%         N/A       100%        8
 Disjunction              Tloc           1%         N/A       100%        8


Dungeon Overview and Level Annotations

Branches:
Dungeon (3/15)

Altars:
Elyvilon

Shops:
D:2 ?

Annotations:
D:3 Ijyb


Innate Abilities, Weirdness & Mutations

You are very small and have problems with some larger weapons.
You are too small for most types of armour.
You have supernaturally acute eyesight. (SInv)
You cover ground extremely quickly. (Speed+++)


Message History

Unknown command.
You closely miss the jackal.
The jackal bites you but does no damage.
You closely miss the jackal. The jackal completely misses you.
The jackal closely misses you.
You completely miss the jackal. The jackal bites you.
You hit the jackal but do no damage. The jackal barely misses you.
Casting: Ensorcelled Hibernation (safe; 10% risk of failure)
Confirm with . or Enter, or press ? or * to list all spells.
Aiming: Ensorcelled Hibernation (safe; 10% risk of failure)
Press: ? - help, Shift-Dir - straight line, f - jackal
Aim: a jackal (chance to affect: 59%)
The jackal looks drowsy...
The helpless jackal fails to defend itself.
You impale the jackal!!
You kill the jackal!
Casting: Ensorcelled Hibernation (safe; 10% risk of failure)
Confirm with . or Enter, or press ? or * to list all spells.
Aiming: Ensorcelled Hibernation (safe; 10% risk of failure)
Press: ? - help, Shift-Dir - straight line, f - Ijyb
Aim: Ijyb, wielding a +2 dagger of venom, wearing a +0 ring mail and carrying a wand of mindburst (9) (chance to affect: 50%) Ijyb resists with some effort.
Casting: Ensorcelled Hibernation (safe; 10% risk of failure)
Confirm with . or Enter, or press ? or * to list all spells.
Aiming: Ensorcelled Hibernation (safe; 10% risk of failure)
Press: ? - help, Shift-Dir - straight line, f/p - Ijyb
Aim: Ijyb, wielding a +2 dagger of venom, wearing a +0 ring mail and carrying a wand of mindburst (9) (chance to affect: 50%) Ijyb looks drowsy...
The helpless Ijyb fails to defend herself.
You puncture Ijyb!
Ijyb is heavily wounded.
The goblin hits you but does no damage.
Ijyb hits you with a +2 dagger of venom.
You are poisoned.
Unknown command.
Unknown command.
You feel sick.
You feel sick.
Ijyb zaps a wand.
Your mind is blasted!
Ouch! That really hurt!
You die...

#....[....##..........#
...........###[.......#
..≈≈≈#≈≈≈...##........#
.≈≈#####≈≈...##..######
≈≈## ##≈≈...##.# ≈##
##≈≈..##g### ##
##≈...#.g.# #
#≈...'...# # ##...'@..#
# #≈...'...# ##
##≈...#<..# ≈##
##≈≈..##...# ≈≈##
##≈≈..^######
.≈≈#####≈≈...##
..≈≈≈#≈≈≈...##
...........##
#..)......##


You could see Ijyb and a goblin.

Vanquished Creatures
  An adder (D:2)
  3 dart slugs (D:2)
  3 endoplasms
  2 giant cockroaches (D:1)
  2 goblins (D:2)
  2 jackals (D:3)
  5 kobolds
  2 quokkas
  4 ball pythons
  2 bats (D:2)
  2 frilled lizards (D:2)
  5 rats
33 creatures vanquished.

Notes
Turn   | Place    | Note
-------+----------+-------------------------------------------
     0 | D:1      | kvnlrwnvk the Spriggan Enchanter began the quest for the
                  | Orb.
     0 | D:1      | Reached XP level 1. HP: 9/9 MP: 5/5
   707 | D:1      | Reached XP level 2. HP: 13/13 MP: 7/7
   710 | D:1      | Learned a level 2 spell: Ensorcelled Hibernation
   902 | D:1      | Found a faded altar of an unknown god.
  2057 | D:2      | Reached XP level 3. HP: 16/16 MP: 9/9
  2066 | D:2      | Learned a level 3 spell: Tukima's Dance
  2070 | D:2      | Learned a level 3 spell: Dazzling Flash
  2201 | D:2      | Found a white marble altar of Elyvilon.
  2258 | D:2      | Found Fapaesua's Magic Scroll Boutique.
  2268 | D:2      | Bought a scroll of identify for 22 gold pieces
  2268 | D:2      | Bought 3 scrolls of identify for 66 gold pieces
  2722 | D:3      | Noticed Ijyb
  2745 | D:3      | Blown up by Ijyb

Illustrated notes

Levels and vault maps discovered:
D:1:      nicolae_arrival_somewhat_less_tricky_arrival, layout_rooms,
          serial_aquarium, aquarium_bridge_square [aquarium_subvault_wall,
          aquarium_subvault_bridge, aquarium_subvault_window,
          aquarium_subvault_balcony], aquarium_bridge_square
          [aquarium_subvault_wall, aquarium_subvault_bridge,
          aquarium_subvault_wall, aquarium_subvault_wall],
          aquarium_window_corridor_1, aquarium_window_2, aquarium_window_corner,
          aquarium_window_1, aquarium_view_2e, aquarium_view_2b,
          shapermc_ecumenical_altar_flowoftime
D:2:      layout_loops_corners, basic_altar, serial_shops, shop
D:3:      layout_rooms, xom_butterflies, minivault_27, kennysheep_donut,
          serial_bayou_lagoon_a, uniq_ijyb

Skill      XL: |  1  2  3 |
---------------+----------+-----
Spellcasting   | 3 4 |  4.0
Hexes          | 4 |  4.7
Short Blades   | |  1.1
Dodging        | |  2.6
Stealth        | |  4.4

Action                   || total
-------------------------++-------
Melee: Dagger            ||   105
 Cast: Ensorcelled Hiber ||    11
  Use: Scroll            ||     7
       Potion            ||     2
 Stab: Sleeping          ||    16
Armor: Robe              ||    13
Dodge: Dodged            ||    65

Table legend: (Time is in decaauts)
 A = Elapsed time spent in this place.
 B = Non-inter-level travel time spent in this place.
 C = Inter-level travel time spent in this place.
 D = Time resting spent in this place.
 E = Time spent auto-exploring this place.
 F = Levels seen in this place.
 G = Mean time per level.
                   A        B        C        D        E       F      G
               +--------+--------+--------+--------+--------+-----+--------+
         Total |   2056 |   2001 |     55 |    240 |   1478 |   3 |  685.3 |
       Dungeon |   2056 |   2001 |     55 |    240 |   1478 |   3 |  685.3 |
               +--------+--------+--------+--------+--------+-----+--------+

Top non-repeatable levels by time:
     D:2: 1110 daAuts
     D:1: 882 daAuts
     D:3: 63 daAuts
